 Dungeon Crawl Stone Soup version 0.31-b1-22-gc680215f68 (webtiles) character file.

Game seed: 4669580288714673402

512 BigPumpCobain the Cudgeller (level 6, -1/56 HPs)
             Began as a Minotaur Berserker on Jan 18, 2024.
             Was a Priest of Trog.
             Slain by a lemure (4 damage)
             ... led by Pikel
             ... on level 5 of the Dungeon.
             The game lasted 00:05:33 (3695 turns).

BigPumpCobain the Cudgeller (Minotaur Berserker)    Turns: 3695, Time: 00:05:33

Health: -1/56      AC:  7    Str: 23    XL:     6   Next: 99%
Magic:  5/5        EV: 10    Int: 10    God:    Trog [***...]
Gold:   209        SH:  5    Dex: 10    Spells: 5/5 levels left

rFire   . . .        g - +0 flail
rCold   . . .        b - +2 buckler
rNeg    . . .        m - +0 scale mail
rPois   .            (helmet restricted)
rElec   .            (no cloak)
rCorr   .            (no gloves)
SInv    .            (no boots)
Will    .....        (no amulet) Stlth
                     i - +6 ring of intelligence
HPRegen 0.29/turn    (no ring)
MPRegen 0.09/turn

%: no passive effects
@: on berserk cooldown, slowed, very slow
A: horns 2, retaliatory headbutt
a: Renounce Religion, Berserk, Trog's Hand


You were on level 5 of the Dungeon.
You worshipped Trog.
Trog was most pleased with you.
You visited 1 branch of the dungeon, and saw 5 of its levels.

You collected 209 gold pieces.

Inventory:

Hand Weapons
 g - a +0 flail (weapon)
Armour
 b - a +2 buckler (worn)
 m - a +0 scale mail (worn)
Jewellery
 i - a +6 ring of intelligence (left hand)
Wands
 k - a wand of flame (5)
Scrolls
 a - 2 scrolls of acquirement {unknown}
 d - a scroll of blinking {unknown}
 e - 4 scrolls of identify {unknown}
 h - a scroll of torment {unknown}
 j - 3 scrolls of vulnerability {unknown}
 o - a scroll of fog {unknown}
 p - 2 scrolls of teleportation {unknown}
 s - 2 scrolls of enchant weapon {unknown}
Potions
 c - a potion of heal wounds {unknown}
 f - a potion of attraction {unknown}
 l - a potion of berserk rage {unknown}
 n - a potion of resistance {unknown}
 q - a potion of haste {unknown}
 r - a potion of might {unknown}
 t - a potion of cancellation {unknown}
 u - a potion of curing {unknown}


   Skills:
 + Level 5.2 Fighting
 * Level 6.7 Maces & Flails
 + Level 4.4 Armour
 + Level 4.1 Dodging
 - Level 0.3 Stealth


You had 5 spell levels left.
You didn't know any spells.
Your spell library was empty.

Dungeon Overview and Level Annotations

Branches:
Dungeon (5/15)
 Temple: D:4-7

Altars:
Elyvilon
Hepliaklqana
Sif Muna
The Shining One

Shops:
D:1 !:   D:4 [

Annotations:
D:5 Dowan, Duvessa, Pikel


Innate Abilities, Weirdness & Mutations

You have a pair of horns on your head.
You reflexively headbutt those who attack you in melee.


Message History

You are too injured to fight recklessly!
You are too injured to fight recklessly!
You are too injured to fight recklessly!
You are too injured to fight recklessly!
You are too injured to fight recklessly!
You are too injured to fight recklessly!
You are too injured to fight recklessly!
You are too injured to fight recklessly!
You are too injured to fight recklessly!
You are too injured to fight recklessly!
You are too injured to fight recklessly!
You are too injured to fight recklessly!
You are too injured to fight recklessly!
You are too injured to fight recklessly!
Duvessa shouts!
You hit Pikel. Your headbutt misses Pikel.
Pikel is heavily wounded.
Pikel hits you with a +2 whip of flaming.
* * * LOW HITPOINT WARNING * * *
Pikel burns you.
* * * LOW HITPOINT WARNING * * *
The lemure hits you.
* * * LOW HITPOINT WARNING * * *
You barely miss Pikel.
Pikel is heavily wounded.
Pikel hits you with a +2 whip of flaming.
* * * LOW HITPOINT WARNING * * *
Pikel burns you.
* * * LOW HITPOINT WARNING * * *
The lemure hits you but does no damage.
Pikel says, "You'll freeze in Cocytus!"
Pikel barely misses you. The lemure closely misses you.
Okay, then.
Okay, then.
You hit Pikel but do no damage. You headbutt Pikel, but do no damage.
Pikel is heavily wounded.
Pikel barely misses you.
Dowan, Brother of Duvessa comes into view.
He is wielding a +0 dagger.
The lemure hits you.
You die...

..........#
...[......#
......†.†.#+##
.......<†....# #
.............###.#.#
................(...
######...........#.#
#.......#####5#e?#.
###...†...5@K55....
#..<.$######e!...
#....... $..
######### #


You could see Pikel, Duvessa, 4 lemures and Dowan.

Vanquished Creatures
  A black bear (D:4)
  2 scorpions
  A bombardier beetle (D:4)
  A hound (D:4)
  A sleepcap (D:5)
  Jessica (D:2)
  8 adders
  3 gnolls (D:2)
  3 dart slugs
  4 orcs (D:5)
  2 ball pythons
  8 endoplasms
  6 giant cockroaches
  6 hobgoblins
  4 jackals (D:4)
  3 quokkas
  7 bats
  2 frilled lizards
  7 goblins
  8 kobolds
  6 rats
  A spectral goblin (D:5)
85 creatures vanquished.

Notes
Turn   | Place    | Note
-------+----------+-------------------------------------------
     0 | D:1      | BigPumpCobain the Minotaur Berserker began the quest for
                  | the Orb.
     0 | D:1      | Reached XP level 1. HP: 19/19 MP: 0/0
    47 | D:1      | Found Inetreuh's Distillery.
    65 | D:1      | Found Deub's Vocational Training.
   199 | D:1      | Reached skill level 4 in Maces & Flails
   226 | D:1      | Reached XP level 2. HP: 19/27 MP: 1/1
   876 | D:2      | Reached XP level 3. HP: 33/33 MP: 2/2
   883 | D:2      | Reached ** piety under Trog
   915 | D:2      | Reached XP level 4. HP: 40/40 MP: 3/3
   966 | D:2      | Noticed Jessica
   970 | D:2      | Killed Jessica
   971 | D:2      | Reached skill level 5 in Maces & Flails
  1176 | D:2      | You fall into a shaft and drop 2 floors!
  1244 | D:4      | Reached XP level 5. HP: 47/47 MP: 4/4
  2295 | D:3      | Found a white marble altar of Elyvilon.
  2414 | D:4      | Noticed a black bear
  2419 | D:4      | Killed a black bear
  2420 | D:4      | Reached skill level 6 in Maces & Flails
  2420 | D:4      | Reached XP level 6. HP: 53/53 MP: 5/5
  2489 | D:4      | Found a glowing golden altar of the Shining One.
  2505 | D:4      | Reached *** piety under Trog
  2922 | D:4      | Found Jodd's Armour Shop.
  3096 | D:4      | Reached skill level 5 in Fighting
  3426 | D:4      | Found a shimmering blue altar of Sif Muna.
  3501 | D:5      | Entered Level 5 of the Dungeon
  3567 | D:5      | Found a hazy altar of Hepliaklqana.
  3682 | D:5      | Noticed Pikel
  3692 | D:5      | Noticed Duvessa
  3695 | D:5      | Noticed Dowan
  3695 | D:5      | Slain by a lemure

Illustrated notes

Levels and vault maps discovered:
D:1:      dpeg_arrival_more_subterranean_lakeside_camping, layout_basic,
          serial_shops, nicolae_shop_hallway_plus, nicolae_shop_vocational
D:2:      cheibrodos_helix_gallery, layout_basic, st_stairs_6, feat_on_display,
          uniq_jessica
D:3:      layout_basic, mainiacjoe_overflow_alcove_4
D:4:      layout_loops_ring, mainiacjoe_overflow_24_doors, led_sif_pool,
          serial_shops, nicolae_take_the_stairs, serial_co_window_serial,
          co_window_of_opportunity_a, co_window_paths_a, co_window_cross_1,
          co_window_paths_a, co_window_corner_a, co_window_corner_ca,
          co_window_broadway_a, co_window_broadway_b, co_window_unsneaky_path_d,
          co_window_2corner, co_window_unsneaky_path_b,
          co_window_of_opportunity_c, glass_columns_b, glass_columns_a,
          glass_columns_a, glass_columns_a, glass_columns_a,
          ebering_dispersal_statue_hall
D:5:      layout_basic, nicolae_hepliaklqana_monster_ancestors, uniq_duvessa,
          uniq_pikel, uniq_edmund

Skill      XL: |  1  2  3  4  5  6 |
---------------+-------------------+-----
Maces & Flails | 4 5 6 |  6.7
Fighting       | 4 5 |  5.2
Armour         | 3 4 |  4.4
Dodging        | 3 4 |  4.1
Stealth        | |  0.3

Action                     |  1- 3 |  4- 6 || total
---------------------------+-------+-------++-------
  Melee: Mace              |    64 |       ||    64
         Headbutt          |     6 |    21 ||    27
         Flail             |       |   115 ||   115
 Invoke: Berserk           |       |     2 ||     2
 Armour: Animal skin       |    11 |       ||    11
         Ring mail         |    15 |    20 ||    35
         Scale mail        |       |    52 ||    52
  Dodge: Dodged            |    44 |    38 ||    82
  Block: Buckler           |     5 |    29 ||    34
